 Dungeon Crawl Stone Soup version 0.31-a0-446-g07c4bd200f (webtiles) character file.

Game seed: 11175558784927426007

16203 Ethylacetat the Thaumaturge (level 12, 0/69 HPs)
             Began as a Vine Stalker Monk on Aug 3, 2023.
             Succumbed to a hornet's poison
             ... in a Gauntlet.
             The game lasted 00:48:16 (8834 turns).

Ethylacetat the Thaumaturge (Vine Stalker Monk)     Turns: 8834, Time: 00:48:16

Health: 0/69       AC:  8    Str: 16    XL:     12   Next: 35%
Magic:  5/37       EV: 13    Int: 10    God:
Gold:   314        SH:  0    Dex: 24    Spells: 33/33 levels left

rFire   + + .        l - +10 arbalest of Giosau {drain, rF+ rC+ Str+3}
rCold   + . .        (shield currently unavailable)
rNeg    . . .        r - +3 leather armour of the Untouchables {rElec Slay+3 SInv}
rPois   .            O - +1 hat
rElec   +            B - +0 cloak
rCorr   .            (no gloves)
SInv    +            (no boots)
Will    ++...        b - amulet of the acrobat
Stlth   ++           (no ring)
HPRegen 1.11/turn    d - ring "Jotoutz" {Fly Will+ MP+9 Dex+3 SInv}
MPRegen 0.25/turn

%: no teleportation, acrobat, guardian spirit
@: lethally poisoned (0 -> -15), flying, slowed, very slow
A: fangs 3, regeneration 1, magic shield, antimagic bite, no potion heal 2,
clumsy 1, fire resistance 1
a: no special abilities


You were in a Gauntlet.
You visited 2 branches of the dungeon, and saw 12 of its levels.
You also visited: Bailey and Gauntlet.

You collected 640 gold pieces.
You spent 326 gold pieces at shops.

Inventory:

Hand Weapons
 l - the +10 arbalest of Giosau (weapon) {drain, rF+ rC+ Str+3}
   (You took it off a centaur on level 7 of the Dungeon)

   Str:       It affects your strength (+3).
   rF:        It protects you from fire.
   rC:        It protects you from cold.
Missiles
 q - 2 curare-tipped darts
 w - 3 throwing nets
Armour
 c - a +1 plate armour of cold resistance
 g - a +2 kite shield
 r - the +3 leather armour of the Untouchables (worn) {rElec Slay+3 SInv}
   (You found it on level 3 of the Dungeon)

   Slay:      It affects your accuracy & damage with ranged weapons and melee
   (+3).
   rElec:     It insulates you from electricity.
   SInv:      It lets you see invisible.
 s - the +2 scale mail of Poplog {rF+ Str+3 Int+3}
   (You found it on level 7 of the Dungeon)

   Str:       It affects your strength (+3).
   Int:       It affects your intelligence (+3).
   rF:        It protects you from fire.
 B - a +0 cloak (worn)
 O - a +1 hat (worn)
Jewellery
 b - an amulet of the acrobat (around neck)
 d - the ring "Jotoutz" (right hand) {Fly Will+ MP+9 Dex+3 SInv}
   (You took it off a centaur on level 7 of the Dungeon)

   [ring of flight]

   Dex:       It affects your dexterity (+3).
   MP:        It affects your magic capacity (+9).
   SInv:      It lets you see invisible.
   Fly:       It grants you flight.
   Will:      It increases your willpower.
Wands
 j - a wand of flame (1)
 n - a wand of polymorph (7)
 u - a wand of iceblast (5)
 D - a wand of digging (4)
 F - a wand of mindburst (9)
 P - a wand of paralysis (2)
Scrolls
 e - 3 scrolls of enchant armour {unknown}
 f - 9 scrolls of teleportation
 h - a scroll of noise {unknown}
 m - 5 scrolls of blinking
 o - 2 scrolls of revelation
 p - 4 scrolls of fog
 t - a scroll of silence {unknown}
 x - 3 scrolls of vulnerability
 y - a scroll of poison
 C - a scroll of torment {unknown}
 H - a scroll of brand weapon {unknown}
 J - 3 scrolls of identify
 M - a scroll of amnesia {unknown}
Potions
 i - a potion of attraction
 k - a potion of brilliance {unknown}
 v - a potion of curing
 z - a potion of might
 A - a potion of mutation
 E - a potion of invisibility {unknown}
 G - a potion of berserk rage {unknown}
 I - a potion of cancellation
 L - 2 potions of heal wounds {unknown}
Miscellaneous
 K - a phial of floods (inert)
 N - a phantom mirror (inert)


   Skills:
 + Level 10.8 Fighting
 * Level 8.8 Ranged Weapons
 - Level 2.6 Dodging
 - Level 3.2 Unarmed Combat
 + Level 11.2 Spellcasting
 - Level 6.0 Evocations


You had 33 spell levels left.
You didn't know any spells.
Your spell library contained the following spells:

 Spells                   Type           Power      Damage    Failure   Level
 Blink                    Tloc           10%        N/A       22%         2
 Static Discharge         Conj/Air       10%        2-3/arc   22%         2
 Wereblood                Tmut           5%         N/A       22%         2
 Ozocubu's Armour         Ice            5%         N/A       41%         3
 Airstrike                Air            2%         2d(1-17)  83%         4
 Manifold Assault         Tloc           5%         N/A       83%         4
 Summon Ice Beast         Ice/Summ       5%         N/A       83%         4
 Summon Lightning Spire   Summ/Air       5%         N/A       83%         4
 Irradiate                Conj/Tmut      2%         3d12      99%         5
 Summon Mana Viper        Hex/Summ       5%         N/A       99%         5
 Dispersal                Tloc           2%         N/A       100%        6
 Monstrous Menagerie      Summ           2%         N/A       100%        7
 Ozocubu's Refrigeration  Ice            2%         4d8       100%        7
 Disjunction              Tloc           2%         N/A       100%        8


Dungeon Overview and Level Annotations

Branches:
Dungeon (11/15)            Temple (1/1) D:4            Lair (0/5) D:11
    Orc (0/2) D:11         Bailey (visited)         Gauntlet (1/1)

Altars:
Ashenzari
Cheibriados
Dithmenos
Elyvilon
Fedhas
Gozag
Hepliaklqana
Kikubaaqudgha
Makhleb
Nemelex Xobeh
Okawaru
Qazlal
Ru
Sif Muna
Trog
Uskayaw
Vehumet
Wu Jian
Xom
Yredelemnul
Zin
The Shining One

Shops:
D:6 ?*   D:7 ?   D:8 ?

Portals:
Abyss: D:5

Annotations:
D:5 2 transporters, MacCMillion's ghost, novice DrSh
D:10 3 runed translucent doors Gauntlet 15 transporters, 21 runed translucent doors, exclusion: obsidian statue


Innate Abilities, Weirdness & Mutations

You have razor-sharp teeth.
Your natural rate of healing is unusually fast.
When hurt, damage is shared between your health and your magic reserves.
Your bite disrupts and absorbs the magic of your enemies.
Potions cannot restore your health.
You are clumsy. (Dex -2)
Your flesh is heat resistant. (rF+)


Message History

The datura-tipped dart barely misses the hornet.
The hornet stings you but does no damage.
The hornet stings you.
You are poisoned.
You feel as though you will be slow longer.
Fire: l) +10 arbalest of Giosau {drain, rF+ rC+ Str+3}
Press: ? - help, Shift-Dir - straight line, f/p - hornet
Aim: a hornet (moderately wounded, 69% to hit)
You shoot a bolt. The bolt hits the hornet!!
You kill the hornet!
You feel very sick. The hornet stings you.
You feel as though you will be slow longer.
The hornet stings you!
* * * LOW HITPOINT WARNING * * *
You feel as though you will be slow longer.
The hornet barely misses you.
Fire: l) +10 arbalest of Giosau {drain, rF+ rC+ Str+3}
Press: ? - help, Shift-Dir - straight line, f - hornet
Aim: a hornet (heavily wounded, lightly drained, 69% to hit)
You shoot a bolt. The bolt closely misses the hornet.
You feel sick. The hornet stings you.
* * * LOW HITPOINT WARNING * * *
You are more poisoned.
You suddenly lose the ability to move!
The hornet stings you!
* * * LOW HITPOINT WARNING * * *
You are lethally poisoned!
You shrug off the repeated paralysis!
The hornet stings you but does no damage.
You can move again.
Okay, then.
Aiming: Paralyse
Press: ? - help, Shift-Dir - straight line, f/p - hornet
Aim: a hornet (heavily wounded, lightly drained, chance to affect: 60%)
Okay, then.
Aiming: Paralyse
Press: ? - help, Shift-Dir - straight line, f/p - hornet
Aim: a hornet (heavily wounded, lightly drained, chance to affect: 60%)
The hornet suddenly stops moving!
You die...

#########..#.#...#(#..y#.#....©..
# #8# #8#..#.#..#...#..#.#.#.#.#.
# ### ###..#.#$##...##.#.#..#†#†#
#..#.#..##.#..##.#.#.#.#.
###..#©#©.#.©....#.#..#.©.#
#8#..###..##.#..##.#.#.#.#.
###....#}##.(.##.#.#..#.#.#
#....#..#y..#..#.#.#.#.#.
###..#..@#.#...#.#.......
#8#..###########.########
###...................©..
#≈.....................
###################.∩.# #8# #8#
#8# #8# #...# ### ### ### ###
#≈§§# #####


You could see a hornet (paralysed, drained).

Vanquished Creatures
  Gastronok (D:10)
  A two-headed ogre (Bailey)
  Nergalle (D:10)
  An obsidian statue (D:10)
  2 deep elf pyromancers (D:7)
  An ugly thing (D:7)
  A gargoyle (D:7)
  A torpor snail (Gauntlet)
  5 kobold demonologists (D:11)
  A komodo dragon (D:7)
  4 trolls
  5 hornets
  Sigmund (D:2)
  A wraith (D:9)
  2 shadows (D:10)
  3 spriggans (Bailey)
  A wyvern (D:10)
  12 yaks
  3 steam dragons
  3 vampire mosquitoes (D:11)
  Edmund (D:6)
  An acid dragon (D:11)
  2 water moccasins
  3 orc warriors
  3 sky beasts
  2 ice beasts (D:7)
  4 black bears
  8 ogres
  2 centaurs
  7 kobold brigands
  Blork the orc (D:6)
  A gnoll sergeant (D:6)
  2 bullfrogs
  2 scorpions
  4 wights (D:6)
  9 killer bees
  A howler monkey (D:7)
  5 electric eels (D:9)
  A hound (D:6)
  3 jellies
  2 orc priests
  A sleepcap (D:6)
  3 iguanas
  7 orc wizards
  A gnoll (D:6)
  6 adders
  A shadow imp (D:8)
  A white imp (D:7)
  A dart slug (D:5)
  21 orcs
  2 bats (D:2)
  6 endoplasms
  2 giant cockroaches
  11 goblins
  6 hobgoblins
  4 jackals (D:3)
  A quokka (D:4)
  6 ball pythons
  2 frilled lizards
  28 kobolds
  3 rats
227 creatures vanquished.

Vanquished Creatures (collateral kills)
  3 gnolls (D:6)
  3 kobolds (D:7)
6 creatures vanquished.

Vanquished Creatures (others)
  A human (D:8)
1 creature vanquished.

Grand Total: 234 creatures vanquished

Notes
Turn   | Place    | Note
-------+----------+-------------------------------------------
     0 | D:1      | Ethylacetat the Vine Stalker Monk began the quest for the
                  | Orb.
     0 | D:1      | Reached XP level 1. HP: 11/11 MP: 2/2
   171 | D:1      | Reached XP level 2. HP: 16/16 MP: 3/3
   980 | D:2      | Reached skill level 1 in Spellcasting
   980 | D:2      | Reached XP level 3. HP: 19/20 MP: 5/5
  1112 | D:2      | Identified the +8 ring mail of the Vestibule of Hell
                  | {+Blink rF+}
  1235 | D:2      | Noticed Sigmund
  1249 | D:2      | Killed Sigmund
  1250 | D:2      | Reached skill level 3 in Spellcasting
  1250 | D:2      | Gained mutation: Your natural rate of healing is unusually
                  | fast. [Vine Stalker growth]
  1250 | D:2      | Reached XP level 4. HP: 9/26 MP: 3/9
  1250 | D:2      | Reached XP level 5. HP: 10/30 MP: 3/10
  2049 | D:3      | Identified the +3 leather armour of the Untouchables {rElec
                  | Slay+3 SInv}
  2492 | D:4      | Found a sparkling altar of Nemelex Xobeh.
  2495 | D:4      | Found a shimmering altar of Xom.
  2495 | D:4      | Found a sacrificial altar of Ru.
  2497 | D:4      | Found a radiant altar of Vehumet.
  2497 | D:4      | Found a blossoming altar of Fedhas.
  2497 | D:4      | Found an iron altar of Okawaru.
  2501 | D:4      | Reached XP level 6. HP: 34/34 MP: 12/12
  2729 | D:4      | Found a glowing silver altar of Zin.
  2744 | D:4      | Found a staircase to the Ecumenical Temple.
  2750 | D:4      | Reached skill level 4 in Spellcasting
  2842 | D:4      | Reached skill level 5 in Fighting
  2999 | Temple   | Entered the Ecumenical Temple
  3015 | D:5      | Entered Level 5 of the Dungeon
  3020 | D:5      | Found a transporter.
  3040 | D:5      | Found a one-way gate to the infinite horrors of the Abyss.
  3040 | D:5      | Found a transporter.
  3040 | D:5      | Noticed MacCMillion's ghost (novice DrSh)
  3085 | D:5      | Reached XP level 7. HP: 24/39 MP: 9/14
  3564 | D:6      | Noticed a steam dragon
  3588 | D:6      | Killed a steam dragon
  3589 | D:6      | Reached skill level 5 in Spellcasting
  3718 | D:6      | Gained mutation: You have razor-sharp teeth. [Vine Stalker
                  | growth]
  3718 | D:6      | Reached XP level 8. HP: 44/44 MP: 17/17
  3728 | D:6      | Found Pomugivu's Magic Scroll Shoppe.
  3733 | D:6      | Noticed Edmund
  3741 | D:6      | Killed Edmund
  3742 | D:6      | Reached skill level 6 in Spellcasting
  4139 | D:6      | Gained mutation: You are vulnerable to cold. (rC-) [potion
                  | of mutation]
  4139 | D:6      | Gained mutation: You are strong-willed. (Will+) [potion of
                  | mutation]
  4271 | D:6      | Reached skill level 7 in Spellcasting
  4467 | D:6      | Noticed Blork the orc
  4593 | D:6      | Found a shimmering blue altar of Sif Muna.
  4597 | D:6      | Killed Blork the orc
  4598 | D:6      | Reached XP level 9. HP: 45/51 MP: 21/21
  4718 | D:6      | Found Zaicid's Elemental Accessories.
  4726 | D:6      | Bought a wand of flame (9) for 94 gold pieces
  4772 | D:7      | Found Qel Basuom's Magic Scroll Emporium.
  4834 | D:7      | Bought a scroll of identify for 30 gold pieces
  4834 | D:7      | Bought a scroll of teleportation for 45 gold pieces
  4874 | D:7      | Identified the +2 scale mail of Poplog {rF+ Str+3 Int+3}
  4936 | D:7      | Reached skill level 1 in Evocations
  5152 | D:7      | Found an iron altar of Okawaru.
  5286 | D:7      | Noticed a deep elf pyromancer
  5286 | D:7      | Noticed a komodo dragon
  5286 | D:7      | Noticed a white ugly thing
  5289 | D:7      | Noticed a gargoyle
  5291 | D:7      | Identified the ring "Jotoutz" {Fly Will+ MP+9 Dex+3 SInv}
  5389 | D:7      | Noticed a troll
  5403 | D:7      | Killed a troll
  5404 | D:7      | Reached skill level 8 in Spellcasting
  5451 | D:7      | Killed a komodo dragon
  5467 | D:7      | HP: 2/51 [white ugly thing (22)]
  5473 | D:7      | Killed a white ugly thing
  5659 | D:7      | Reached skill level 5 in Evocations
  5659 | D:7      | Reached XP level 10. HP: 57/57 MP: 23/23
  5664 | D:7      | Killed a deep elf pyromancer
  5679 | D:7      | Killed a gargoyle
  5687 | D:7      | Reached skill level 9 in Spellcasting
  5750 | D:7      | Identified the +10 arbalest of Giosau {drain, rF+ rC+
                  | Str+3}
  5874 | D:7      | Noticed a deep elf pyromancer
  5886 | D:7      | Killed a deep elf pyromancer
  5887 | D:7      | Reached skill level 1 in Ranged Weapons
  6057 | D:8      | Found a glowing golden altar of the Shining One.
  6100 | D:8      | Found a bloodstained altar of Trog.
  6301 | D:8      | Found a sacrificial altar of Ru.
  6504 | D:8      | Found an ancient bone altar of Kikubaaqudgha.
  6522 | D:8      | Found The Oracle's Delphic Readings.
  6527 | D:8      | Bought a scroll of blinking for 112 gold pieces
  6527 | D:8      | Bought a scroll of teleportation for 45 gold pieces
  6702 | D:9      | Found a flagged portal.
  6709 | D:9      | Paralysed by a hornet for 2 turns
  6724 | Bailey   | Entered a bailey
  6762 | Bailey   | Reached XP level 11. HP: 58/62 MP: 25/25
  6863 | Bailey   | Noticed a two-headed ogre
  6876 | Bailey   | Killed a two-headed ogre
  6877 | Bailey   | Reached skill level 5 in Ranged Weapons
  6877 | Bailey   | Reached skill level 10 in Spellcasting
  6900 | Bailey   | Identified the +2 shortbow of World Downfall {heavy,
                  | Stlth+}
  7119 | D:9      | Identified the +4 scale mail of Moira {Str+5 Int+5 Slay-6}
  7169 | D:9      | Found a blossoming altar of Fedhas.
  7714 | D:10     | Entered Level 10 of the Dungeon
  7749 | D:10     | Found a runed translucent door.
  7799 | D:10     | Found a shadowy altar of Dithmenos.
  7817 | D:10     | Found a runed translucent door.
  7866 | D:10     | Reached skill level 10 in Fighting
  7924 | D:10     | Noticed Nergalle
  7932 | D:10     | Killed Nergalle
  8065 | D:10     | Found an ornate altar of the Wu Jian Council.
  8136 | D:10     | Found a runed translucent door.
  8149 | D:10     | Found a runed translucent door.
  8172 | D:10     | Noticed an obsidian statue
  8177 | D:10     | Killed an obsidian statue
  8230 | D:10     | Found a snail-covered altar of Cheibriados.
  8268 | D:10     | Noticed Gastronok
  8278 | D:10     | Killed Gastronok
  8358 | D:11     | Reached XP level 12. HP: 68/68 MP: 27/27
  8409 | D:11     | Reached skill level 11 in Spellcasting
  8432 | D:11     | Found a gate leading to a gauntlet.
  8436 | Gauntlet | Entered a Gauntlet
  8436 | Gauntlet | Found a transporter.
  8480 | Gauntlet | Found a transporter.
  8495 | Gauntlet | Found a transporter.
  8500 | Gauntlet | Found a transporter.
  8519 | Gauntlet | Found a transporter.
  8536 | Gauntlet | Found a transporter.
  8548 | Gauntlet | Found a transporter.
  8560 | Gauntlet | Found a transporter.
  8563 | Gauntlet | Noticed a quicksilver ooze
  8568 | Gauntlet | Found a large runed translucent door.
  8569 | Gauntlet | Found a large runed translucent door.
  8570 | Gauntlet | Found a large runed translucent door.
  8570 | Gauntlet | Found a large runed translucent door.
  8571 | Gauntlet | Found a runed translucent gate.
  8572 | Gauntlet | Found a transporter.
  8572 | Gauntlet | Found a runed translucent gate.
  8573 | Gauntlet | Found a runed translucent gate.
  8574 | Gauntlet | Found a large runed translucent door.
  8574 | Gauntlet | Found a large runed translucent door.
  8575 | Gauntlet | Found a large runed translucent door.
  8576 | Gauntlet | Found a large runed translucent door.
  8583 | Gauntlet | Noticed a death yak
  8583 | Gauntlet | Noticed a death yak
  8584 | Gauntlet | Found a transporter.
  8584 | Gauntlet | Noticed a death yak
  8596 | Gauntlet | Found a large runed translucent door.
  8596 | Gauntlet | Found a large runed translucent door.
  8596 | Gauntlet | Found a runed translucent door.
  8596 | Gauntlet | Found a runed translucent door.
  8597 | Gauntlet | Found a large runed translucent door.
  8598 | Gauntlet | Found a large runed translucent door.
  8600 | Gauntlet | Found a transporter.
  8600 | Gauntlet | Found a transporter.
  8646 | Gauntlet | Found a large runed translucent door.
  8646 | Gauntlet | Found a large runed translucent door.
  8646 | Gauntlet | Found a transporter.
  8647 | Gauntlet | Found a large runed translucent door.
  8648 | Gauntlet | Found a large runed translucent door.
  8674 | Gauntlet | Found a transporter.
  8676 | Gauntlet | Found a transporter.
  8678 | Gauntlet | Found a transporter.
  8692 | Gauntlet | Found a transporter.
  8740 | Gauntlet | Found a transporter.
  8766 | Gauntlet | Lost mutation: You are strong-willed. (Will+) [potion of
                  | mutation]
  8766 | Gauntlet | Lost mutation: You are vulnerable to cold. (rC-) [potion of
                  | mutation]
  8766 | Gauntlet | Gained mutation: You occasionally lose the ability to drink
                  | potions when taking damage. [potion of mutation]
  8766 | Gauntlet | Gained mutation: You sometimes lose your temper in combat.
                  | [potion of mutation]
  8766 | Gauntlet | Gained mutation: You occasionally lose the ability to read
                  | scrolls when taking damage. [potion of mutation]
  8767 | Gauntlet | Lost mutation: You sometimes lose your temper in combat.
                  | [potion of mutation]
  8767 | Gauntlet | Lost mutation: You occasionally lose the ability to drink
                  | potions when taking damage. [potion of mutation]
  8767 | Gauntlet | Gained mutation: You are strong-willed. (Will+) [potion of
                  | mutation]
  8767 | Gauntlet | Gained mutation: You are agile. (Dex +4, Str/Int -1)
                  | [potion of mutation]
  8768 | Gauntlet | Lost mutation: You are strong-willed. (Will+) [potion of
                  | mutation]
  8768 | Gauntlet | Lost mutation: You occasionally lose the ability to read
                  | scrolls when taking damage. [potion of mutation]
  8768 | Gauntlet | Lost mutation: You are agile. (Dex +4, Str/Int -1) [potion
                  | of mutation]
  8768 | Gauntlet | Gained mutation: You are clumsy. (Dex -2) [potion of
                  | mutation]
  8768 | Gauntlet | Gained mutation: Your flesh is heat resistant. (rF+)
                  | [potion of mutation]
  8818 | Gauntlet | Paralysed by a hornet for 1 turns
  8825 | Gauntlet | Paralysed by a hornet for 3 turns
  8833 | Gauntlet | Paralysed by a hornet for 2 turns
  8834 | Gauntlet | Succumbed to a hornet's poison

Illustrated notes

Levels and vault maps discovered:
D:1:      minmay_arrival_stair_chambers, layout_loops_ring
D:2:      layout_loops_ring, uniq_sigmund
D:3:      layout_basic, serial_rivers, chequers_serial_rivers_micro_e,
          chequers_serial_rivers_micro_a, chequers_serial_rivers_micro_c,
          chequers_serial_rivers_micro_a
D:4:      layout_cave_pools, zin_treasury, doesnt_xom_only_xom,
          minmay_temple_entry_proselytizer, grunt_decor_junction
D:5:      layout_rooms, gammafunk_ghost_abyssal_escape
D:6:      layout_loops_ring, tgw_sif, chequers_serial_rivers_large_a,
          nicolae_take_the_stairs, serial_bayou_pond_c, dreamdust_wishing_well,
          nicolae_elemental_shop, uniq_edmund
D:7:      minmay_the_grid_triangle_9x9_recursive_2
          [minmay_the_grid_triangle_9x9_prize_center,
          minmay_the_grid_triangle_9x9_thin_v,
          minmay_the_grid_triangle_9x9_impossible_snake,
          minmay_the_grid_triangle_9x9_minimal], layout_loops_ring,
          okawaru_ov_weapons_minmay, serial_shops, nicolae_stop_n_shop_1
D:8:      layout_rooms, tso_metal_star, nicolae_overflow_crystal_walls,
          tgw_kikubaaqudgha, trog_antimagical, hex_intersection,
          nicolae_nh_oracle_at_delphi
D:9:      layout_stronghold, fedhas_altar_fruit_tree, enter_bailey_5,
          serial_bayou_lagoon_b
D:10:     layout_rooms, pdpol_wu_jian_five_deadly_venoms, kennysheep_mini,
          grunt_dithmenos_smoke_and_mirrors, minmay_statue_crystal_thing,
          uniq_nergalle, uniq_gastronok
D:11:     layout_cave_pods, dpeg_lair_monsters, david_orc_4,
          gauntlet_entry_generic, chequers_serial_rivers_room_b, jiyva_altar_1
Temple:   chequers_temple_sunken
Gauntlet: gammafunk_gauntlet_one_two_three [gammafunk_gauntlet_arena_grid,
          gammafunk_gauntlet_arena_chambers, gammafunk_gauntlet_arena_crates,
          nicolae_gauntlet_arena_flowing_pool,
          minmay_gauntlet_arena_make_your_own_arena,
          gammafunk_gauntlet_arena_arrow_garden,
          gammafunk_gauntlet_arena_hedges, nicolae_gauntlet_arena_t_cross,
          nicolae_gauntlet_arena_blocks, dreamdust_gauntlet_exit_labyrinth]

Skill      XL: |  1  2  3  4  5  6  7  8  9 10 11 12 |
---------------+-------------------------------------+-----
Fighting       | 3 4 5 6 7 8 9 10 | 10.8
Spellcasting   | 1 3 4 5 7 8 9 10 11 | 11.2
Evocations     | 5 6 |  6.0
Ranged Weapons | 4 7 8 |  8.8
Dodging        | |  2.6
Unarmed Combat | |  3.2

Action                     |  1- 3 |  4- 6 |  7- 9 | 10-12 || total
---------------------------+-------+-------+-------+-------++-------
  Melee: Unarmed           |    69 |    81 |   230 |    19 ||   399
         Bite              |    12 |    25 |   114 |    14 ||   165
   Fire: Arbalest          |       |       |       |   235 ||   235
  Throw: Dart              |       |       |    12 |     6 ||    18
         Throwing net      |       |       |       |     2 ||     2
  Evoke: Wand              |       |       |    14 |     8 ||    22
         Phial of floods   |       |       |       |     1 ||     1
         Phantom mirror    |       |       |       |     1 ||     1
    Use: Potion            |       |       |     9 |     9 ||    18
         Scroll            |       |       |     6 |     3 ||     9
   Stab: Paralysed         |       |       |    18 |       ||    18
         Held in net/web   |       |       |       |     2 ||     2
 Armour: Robe              |     9 |     3 |       |       ||    12
         Leather armour    |       |    17 |    60 |    45 ||   122
  Dodge: Dodged            |    43 |    32 |   136 |   143 ||   354

Table legend: (Time is in decaauts)
 A = Elapsed time spent in this place.
 B = Non-inter-level travel time spent in this place.
 C = Inter-level travel time spent in this place.
 D = Time resting spent in this place.
 E = Time spent auto-exploring this place.
 F = Levels seen in this place.
 G = Mean time per level.
                   A        B        C        D        E       F      G
               +--------+--------+--------+--------+--------+-----+--------+
         Total |   8957 |   8336 |    621 |    238 |   5881 |  14 |  639.8 |
       Dungeon |   8290 |   7669 |    621 |    215 |   5695 |  11 |  753.6 |
        Temple |      1 |      1 |      0 |      0 |      0 |   1 |    1.0 |
        Bailey |    250 |    250 |      0 |     23 |    108 |   1 |  250.0 |
      Gauntlet |    415 |    415 |      0 |      0 |     78 |   1 |  415.0 |
               +--------+--------+--------+--------+--------+-----+--------+

Top non-repeatable levels by time:
     D:6: 1257 daAuts
     D:7: 1106 daAuts
     D:3: 1079 daAuts
     D:9: 811 daAuts
     D:8: 766 daAuts
     D:1: 739 daAuts
     D:2: 664 daAuts
    D:10: 662 daAuts
     D:5: 569 daAuts
     D:4: 521 daAuts
Gauntlet: 415 daAuts
  Bailey: 250 daAuts
    D:11: 111 daAuts
  Temple: 1 daAuts
